 Dungeon Crawl Stone Soup version 0.31-a0-1205-g5e5e916 (webtiles) character file.

Game seed: 17656712967567432613

1887071 Kearsarge the Intangible (level 26, 137/240 HPs)
             Began as a Merfolk Fighter on Dec 12, 2023.
             Was an Initiate of Gozag.
             Escaped with the Orb
             ... and 3 runes!
             The game lasted 01:11:06 (52558 turns).

Kearsarge the Intangible (Merfolk Fighter)         Turns: 52558, Time: 01:11:06

Health: 137/240    AC: 15    Str: 35    XL:     26   Next: 50%
Magic:  23/23      EV: 45    Int:  9    God:    Gozag
Gold:   831        SH:  0    Dex:  7    Spells: 25/25 levels left

rFire   + .          .
                       - Unarmed
rCold   + . .        c - melded +3 buckler
rNeg    + + .        B - melded +1 leather armour {Will+}
rPois   ∞            D - melded +2 helmet {SInv}
rElec   +            k - melded +2 cloak
rCorr   +            (gloves currently unavailable)
SInv    .            i - melded +0 pair of boots
Will    ++++.        G - amulet "Ymes" {Faith -Cast rN+ Will+++ Str+2}
Stlth   +            t - ring of Uroedd {rF+ rN+ rCorr Str+3 Dex-5}
HPRegen 0.60/turn    L - ring of Doepposch {Fly rElec rC+ Str+6}
MPRegen 0.18/turn

%: no spellcasting, faith
@: storm-form, flying, studying Long Blades
A: cleaving, insubstantial, flying, (nimble swimmer 2), (mertail), clumsy 1,
(deformed body), (poison resistance), weak 1
0: Orb of Zot
}: 3/15 runes: decaying, silver, gossamer
a: Blinkbolt, Begin Untransformation, Renounce Religion, Potion Petition, Call
Merchant, Bribe Branch


You escaped.
You worshipped Gozag.
Gozag was pleased with you.
You were a lightning-filled tempest!
You visited 10 branches of the dungeon, and saw 48 of its levels.
You visited 1 ziggurat, and saw 9 of its levels.
You also visited: Ossuary, Bailey, Gauntlet and Desolation.

You collected 29734 gold pieces.
You spent 5385 gold pieces at shops.
You paid 23518 gold pieces to Gozag.

Inventory:

Missiles
 V - 2 throwing nets
Armour
 c - a +3 buckler (melded)
 i - a +0 pair of boots (melded)
 k - a +2 cloak (melded)
 B - a +1 leather armour of willpower (melded)
 D - a +2 helmet of see invisible (melded)
Jewellery
 t - the ring of Uroedd (left fist) {rF+ rN+ rCorr Str+3 Dex-5}
   (You took it off an imperial myrmidon in the Desolation of Salt)

   [ring of protection from fire]

   Str+3:     It affects your strength (+3).
   Dex-5:     It affects your dexterity (-5).
   rF+:       It protects you from fire.
   rN+:       It protects you from negative energy.
   rCorr:     It protects you from acid and corrosion.
 G - the amulet "Ymes" (around neck) {Faith -Cast rN+ Will+++ Str+2}
   (You found it on level 9 of a ziggurat)

   [amulet of faith]

   Faith:     It allows you to gain divine favour quickly.
   Str+2:     It affects your strength (+2).
   rN+:       It protects you from negative energy.
   Will+++:   It greatly increases your willpower.
   -Cast:     It prevents spellcasting.
 L - the ring of Doepposch (right fist) {Fly rElec rC+ Str+6}
   (You took it off a servant of whispers in the Desolation of Salt)

   [ring of strength]

   Str+6:     It affects your strength (+6).
   rC+:       It protects you from cold.
   rElec:     It insulates you from electricity.
   Fly:       It grants you flight.
 O - the amulet of Bodily Harmony {Spirit Regen+ Str+4 Int+3 Dex-3}
   (You found it in the Desolation of Salt)

   [amulet of guardian spirit]

   Spirit:    It causes incoming damage to be divided between your reserves of
   health and magic.
   Str+4:     It affects your strength (+4).
   Int+3:     It affects your intelligence (+3).
   Dex-3:     It affects your dexterity (-3).
   Regen+:    It increases your rate of health regeneration.
Talismans
 z - a storm talisman (active)
Wands
 h - a wand of polymorph (22)
 m - a wand of paralysis (70)
 u - a wand of mindburst (48)
 E - a wand of digging (8)
 K - a wand of roots (50)
 N - a wand of light (20)
 R - a wand of flame (100)
Scrolls
 b - 6 scrolls of enchant armour
 f - 16 scrolls of noise
 n - 7 scrolls of fog
 q - 2 scrolls of poison
 s - 5 scrolls of blinking
 w - 6 scrolls of vulnerability
 y - 22 scrolls of teleportation
 C - 3 scrolls of silence
 H - 7 scrolls of amnesia
 T - 3 scrolls of brand weapon
 U - 3 scrolls of torment
 X - 2 scrolls of summoning
 Y - 4 scrolls of fear
 Z - 3 scrolls of immolation
Potions
 a - 4 potions of cancellation
 d - 6 potions of might
 e - 7 potions of haste
 g - 9 potions of mutation
 l - 5 potions of berserk rage
 o - 5 potions of lignification
 p - 11 potions of enlightenment
 r - 27 potions of curing
 v - 6 potions of brilliance
 x - 11 potions of ambrosia
 A - 7 potions of heal wounds
 F - a potion of resistance
 I - a potion of invisibility
 P - 10 potions of attraction
 W - 5 potions of magic
Miscellaneous
 j - a lightning rod (4/4)
 J - a phial of floods
 M - a phantom mirror
 S - a condenser vane


   Skills:
 + Level 26.8 Fighting
 - Level 11.5 Polearms
 - Level 2.1 Armour
 O Level 27 Dodging
 - Level 3.0 Shields
 * Level 24.6 Unarmed Combat
 O Level 27 Shapeshifting


You had 25 spell levels left.
You didn't know any spells.
Your spell library contained the following spells:

 Spells                   Type           Power      Damage    Failure   Level
 Apportation              Tloc           0%         N/A       38%         1
 Kiss of Death            Conj/Necr      0%         2d5       38%         1
 Necrotise                Necr           0%         1d4       38%         1
 Sting                    Tmut/Pois      0%         1d3       38%         1
 Summon Small Mammal      Summ           0%         N/A       38%         1
 Blink                    Tloc           0%         N/A       52%         2
 Cigotuvi's Dreadful Rot  Necr/Pois/Air  0%         N/A       52%         2
 Ensorcelled Hibernation  Hex/Ice        0%         N/A       52%         2
 Jinxbite                 Hex            0%         N/A       52%         2
 Lesser Beckoning         Tloc           0%         N/A       52%         2
 Momentum Strike          Conj/Tloc      0%         3d8       52%         2
 Passwall                 Tmut/Erth      0%         N/A       52%         2
 Poisonous Vapours        Pois/Air       0%         N/A       52%         2
 Wereblood                Tmut           0%         N/A       52%         2
 Call Canine Familiar     Summ           0%         N/A       77%         3
 Confusing Touch          Hex            0%         N/A       77%         3
 Frozen Ramparts          Ice            0%         1d1       77%         3
 Gell's Gravitas          Tloc           0%         N/A       77%         3
 Hailstorm                Conj/Ice       0%         3d5       77%         3
 Ignite Poison            Fire/Tmut/Pois 0%         N/A       77%         3
 Inner Flame              Hex/Fire       0%         N/A       77%         3
 Mephitic Cloud           Conj/Pois/Air  0%         N/A       77%         3
 Ozocubu's Armour         Ice            0%         N/A       77%         3
 Sigil of Binding         Hex            0%         N/A       77%         3
 Summon Guardian Golem    Hex/Summ       0%         N/A       77%         3
 Swiftness                Air            0%         N/A       77%         3
 Teleport Other           Tloc           0%         N/A       77%         3
 Tukima's Dance           Hex            0%         N/A       77%         3
 Vampiric Draining        Necr           0%         2d6       77%         3
 Volatile Blastmotes      Fire/Tloc      0%         2d10      77%         3
 Anguish                  Hex/Necr       0%         N/A       99%         4
 Animate Armour           Summ/Erth      0%         N/A       99%         4
 Brom's Barrelling Bould  Conj/Erth      0%         2d3       99%         4
 Cause Fear               Hex            0%         N/A       99%         4
 Dimensional Bullseye     Hex/Tloc       0%         N/A       99%         4
 Dispel Undead            Necr           0%         3d6       99%         4
 Fulminant Prism          Conj/Hex       0%         3d5       99%         4
 Iskenderun's Mystic Bla  Conj/Tloc      0%         2d3       99%         4
 Leda's Liquefaction      Hex/Erth       0%         N/A       99%         4
 Manifold Assault         Tloc           0%         N/A       99%         4
 Olgreb's Toxic Radiance  Pois           0%         N/A       99%         4
 Passage of Golubria      Tloc           0%         N/A       99%         4
 Petrify                  Tmut/Erth      0%         N/A       99%         4
 Sticky Flame             Conj/Fire      0%         2d3       99%         4
 Summon Ice Beast         Ice/Summ       0%         N/A       99%         4
 Summon Lightning Spire   Summ/Air       0%         N/A       99%         4
 Agony                    Necr           0%         N/A       100%        5
 Alistair's Intoxication  Tmut/Pois      0%         N/A       100%        5
 Borgnjor's Vile Clutch   Necr/Erth      0%         N/A       100%        5
 Fireball                 Conj/Fire      0%         3d3       100%        5
 Freezing Cloud           Conj/Ice/Air   0%         6-21      100%        5
 Irradiate                Conj/Tmut      0%         3d11      100%        5
 Iskenderun's Battlesphe  Conj           0%         2d6       100%        5
 Lee's Rapid Deconstruct  Erth           0%         3d4*      100%        5
 Metabolic Englaciation   Hex/Ice        0%         N/A       100%        5
 Summon Forest            Summ/Tloc      0%         N/A       100%        5
 Summon Mana Viper        Hex/Summ       0%         N/A       100%        5
 Yara's Violent Unravell  Hex/Tmut       0%         3d3       100%        5
 Bombard                  Conj/Erth      0%         9d1       100%        6
 Conjure Ball Lightning   Conj/Air       0%         3x3d6     100%        6
 Dispersal                Tloc           0%         N/A       100%        6
 Eringya's Noxious Bog    Tmut/Pois      0%         4d6       100%        6
 Summon Cactus Giant      Summ           0%         N/A       100%        6
 Enfeeble                 Hex            0%         N/A       100%        7
 Haunt                    Necr/Summ      0%         N/A       100%        7
 Malign Gateway           Summ/Tloc      0%         N/A       100%        7
 Monstrous Menagerie      Summ           0%         N/A       100%        7
 Orb of Destruction       Conj           0%         9d5       100%        7
 Ozocubu's Refrigeration  Ice            0%         4d7       100%        7
 Spellforged Servitor     Conj/Summ      0%         N/A       100%        7
 Summon Hydra             Summ           0%         N/A       100%        7
 Borgnjor's Revivificati  Necr           0%         N/A       100%        8
 Ignition                 Fire           0%         3d3       100%        8
 Infestation              Necr           0%         N/A       100%        8
 Summon Horrible Things   Summ           0%         N/A       100%        8
 Sublimation of Blood     Necr           Unusable   N/A       N/A         2
 Animate Dead             Necr           Unusable   N/A       N/A         4
 Simulacrum               Ice/Necr       Unusable   N/A       N/A         6

Dungeon Overview and Level Annotations

Branches:
Dungeon (15/15)            Temple (1/1) D:7            Lair (5/5) D:10
  Swamp (4/4) Lair:2       Spider (4/4) Lair:3        Slime (0/5) Lair:4
    Orc (2/2) D:12            Elf (3/3) Orc:2        Vaults (5/5) D:14
  Crypt (0/3) Vaults:2     Depths (4/4) D:15            Zot (5/5) Depths:4
Ossuary (visited)          Bailey (visited)         Desolation (visited)
Gauntlet (visited)

Altars:
Ashenzari
Cheibriados
Dithmenos
Elyvilon
Fedhas
Gozag
Hepliaklqana
Kikubaaqudgha
Makhleb
Nemelex Xobeh
Okawaru
Qazlal
Ru
Sif Muna
Trog
Uskayaw
Vehumet
Wu Jian
Xom
Yredelemnul
Zin
The Shining One
Jiyva

Shops:
D:1 (   D:4 [   D:5 *(   D:6 ?*((   D:7 [   D:10 *(*   D:12 ?   D:14 (
Orc:2 =!=(   Elf:1 ([[?   Elf:2 [(*[   Elf:3 :[   Lair:5 ?[   Spider:1 ?
Vaults:1 ((   Vaults:2 [*(   Vaults:3 *   Vaults:5 ?   Depths:1 *
Depths:3 **[   Depths:4 :

Portals:
Hell: Depths:1 Depths:2 Depths:3 Depths:4
Abyss: D:6 Depths:2 Depths:3
Pandemonium: Depths:2 Depths:3 Depths:4
Trove: Depths:4 (show abyssal rune of Zot)

Annotations:
D:3 1 runed translucent door, Crazy Yiuf
D:6 2 transporters, squeakweiz's ghost, novice TrFi
D:11 4 runed translucent doors
Swamp:3 1 runed translucent door, Azessum's ghost, journeyman GrEE
Elf:2 2 runed translucent doors
Elf:3 3 runed translucent doors
Vaults:3 1 runed translucent door, Xihuodghy's ghost, adept MiBe


Innate Abilities, Weirdness & Mutations

You are a lightning-filled tempest!
Your electrical attacks strike out in all directions at once.
You are incredibly evasive.
Your insubstantial body is immune to petrification, constriction, and being set on fire You are flying.
Your armour is entirely melded.
You are incapable of wielding weapons or throwing items.
You are immune to poison.
((You are very nimble when in or above water. (Stealth+, EV+, Speed+++)))
((Your lower body shifts to a powerful aquatic tail in water.))
You are clumsy. (Dex -2)
((Armour fits poorly on your strangely shaped body.))
((Your system is resistant to poisons. (rPois)))
You are weak. (Str -2)


Message History

The black bear barely misses you.
You completely miss the black bear. The black bear completely misses you.
The black bear claws you but does no damage.
The black bear claws you.
You blast the black bear!!!
You kill the black bear!
You now have 831 gold pieces (gained 3).
There is a stone staircase leading up here.
You fly upwards.
There is a stone staircase leading down here.
There is a shaft here.
You see here 7 stones.
Something hits the plant.
The plant begins to die.
Something hits the plant. x2
There is a stone staircase leading up here.
You fly upwards.
Level annotation: 1 runed translucent door, Crazy Yiuf
There is a stone staircase leading down here.
There is a stone staircase leading up here.
You fly upwards.
There is a stone staircase leading down here.
There is a stone staircase leading up here.
You fly upwards.
There is a stone staircase leading down here.
As you read the scroll of teleportation, it crumbles to dust.
You feel strangely unstable.
You feel the Orb delaying your translocation!
You start resting.
Your surroundings suddenly seem different.
Blink to where?
Press: ? - help, Q - select action, (/) - cycle Dir - move target
As you read the scroll of blinking, it crumbles to dust.
Aiming: Dig
Press: ? - help, Q - select action, (/) - cycle Shift-Dir - straight line You can't see that place. [a rock wall.]
The rock shatters into small pieces.
Blink to where?
Press: ? - help, Q - select action, (/) - cycle Dir - move target
As you read the scroll of blinking, it crumbles to dust.
You have escaped!

####.......############..#
#.# ...'.......####
#......# #.#
..##..........# ##.###.##
#.# ..########....####..#
#.# #.# ..# #.........##
#.# #.## ..# ##....##.##
#.######... ###
###....##.## #..........
#.'....##..#############.
###.#.....v..##....###...#.
#...#....#.......####..#.#.
##
#.###....#.>##...>##...#.#.
.#### #.#
######.###...###...#.#.
....# #.#
#..#....##....#.#.
###.###.#
#.##...###..#.#.#. #..#..#
#.#.§..##...#.#... ##...##
#.#...###.....###. #...>#
###..###......#...


There were no monsters in sight!

Vanquished Creatures
  A pandemonium lord (Depths:4)
  An orb of fire (Zot:1)
  2 juggernauts
  Vv (Depths:4)
  4 Killer Klowns
  Sojobo (Vaults:3)
  Josephina (Depths:2)
  Saint Roka (Vaults:1)
  Xtahua (Depths:3)
  7 golden dragons
  Arachne (Spider:4)
  Norris (Vaults:4)
  A Tzitzimitl (Depths:4)
  A bone dragon (Depths:4)
  A Brimstone Fiend (Depths:4)
  Zenata (Vaults:1)
  5 tentacled monstrosities
  16 Orb Guardians
  A Hell Sentinel (Depths:4)
  2 deep elf blademasters (Elf:3)
  2 liches
  3 quicksilver dragons
  2 deep elf master archers (Elf:3)
  4 titans (Vaults:5)
  4 sphinxes
  2 Executioners
  A tentacled starspawn (Zig:6)
  Gastronok (D:10)
  8 death cobs
  3 thorn hunters
  Aizul (Vaults:3)
  15 shadow dragons
  8 tengu reavers
  Kirke (D:12)
  7 storm dragons
  A draconian monk (Depths:4)
  3 fenstrider witches (Swamp:4)
  9 fire giants
  15 vault wardens
  Louise (Swamp:1)
  5 deep elf sorcerers
  A draconian scorcher (Depths:4)
  3 draconian knights
  9 frost giants
  An iron dragon (Vaults:5)
  3 emperor scorpions
  The ghost of Gymolay the Brawler, a journeyman TrFi of Jiyva (Lair:5)
  11 ghost moths
  2 imperial myrmidons (Desolation)
  A caustic shrike zombie (Depths:4)
  3 cacodemons
  3 deep elf elementalists (Elf:3)
  4 juggernaut zombies (Depths:4)
  An angel (Depths:4)
  6 draconian stormcallers
  3 draconian annihilators
  A reaper (Swamp:4)
  13 stone giants
  2 formless jellyfish
  9 orc warlords
  12 very ugly things
  2 ironbound thunderhulks
  A ghoul (Zig:2)
  A vampire knight (Depths:3)
  10 green draconians
  A broodmother (Spider:4)
  3 yellow draconians
  3 lorocyprocas
  Nessos (D:15)
  4 deep elf demonologists
  18 ironbound preservers
  13 red draconians
  3 eleionomae
  2 halazid warlocks (Desolation)
  5 white draconians
  14 black draconians
  6 deep elf annihilators
  8 dire elephants
  9 spark wasps
  A minotaur (Gauntlet)
  6 bunyips
  3 purple draconians
  3 blizzard demons
  An eidolon (Zig:6)
  A merfolk impaler (Zig:8)
  2 crystal guardians (Desolation)
  7 deep elf death magi
  10 ettins
  12 fire dragons
  A green death (Depths:4)
  3 entropy weavers
  9 ragged hierophants (Desolation)
  2 quicksilver dragon zombies (Depths:4)
  12 yaktaur captains
  A spriggan zombie (Depths:4)
  3 rakshasas
  14 hydras
  9 servants of whispers (Desolation)
  6 peacekeepers (Desolation)
  10 ogre magi
  39 vault guards
  6 deep elf high priests
  3 great orbs of eyes
  7 ice dragons
  3 ghost crabs
  7 alligators
  A hell beast (Depths:4)
  The ghost of BeoghMyLove the Earth Mage, a journeyman GrEE of Vehumet (D:13)
  2 sphinx zombies (Depths:4)
  4 ironbound frosthearts
  6 spriggan air magi
  14 boulder beetles
  4 jorogumos
  A caustic shrike simulacrum (Depths:2)
  10 centaur warriors
  4 radroaches (Spider:2)
  3 catoblepae
  2 death knights (Vaults:2)
  A merfolk aquamancer (Zig:8)
  3 deep troll shamans
  4 death yaks
  A death scarab (Spider:2)
  7 tengu warriors
  3 vampire magi
  8 demonic crawlers
  15 two-headed ogres
  3 occultists (Swamp:4)
  6 deep troll earth magi
  7 dancing weapons
  5 spriggan berserkers
  5 titan zombies (Depths:4)
  A spectral dire elephant (Lair:5)
  A sun demon (Depths:4)
  2 storm dragon zombies (Depths:4)
  5 orc high priests
  A wretched star (Zig:5)
  16 deep elf knights
  3 soul eaters
  7 skysharks
  A fire crab (Gauntlet)
  3 hell knights
  4 iron trolls
  2 skeletal warriors
  A golden dragon zombie (Depths:4)
  4 sixfirhies
  Lodul (D:13)
  2 spatial maelstroms
  3 sun moths
  3 goliath frogs
  2 glowing orange brains
  A spectral anaconda (Lair:5)
  2 spectral death yaks (Lair:5)
  46 deep trolls
  5 spriggan druids
  A death drake (Swamp:4)
  8 orb spiders
  17 orc knights
  11 large abominations
  An orange crystal statue (Zig:9)
  2 flayed ghosts
  3 obsidian statues
  13 steelbarb worms
  2 swamp dragons
  2 shadow dragon zombies (Depths:4)
  A shadow demon (Depths:3)
  5 lindwurms
  A sea snake (Zig:8)
  A tengu zombie (Depths:4)
  10 arcanists
  9 bog bodies
  10 deep elf archers
  22 ironbound convokers
  3 harpies
  6 necromancers
  A phantasmal warrior (Vaults:5)
  An oklob plant (Lair:5)
  15 cyclopes
  An iron dragon zombie (Depths:4)
  26 deep elf pyromancers
  21 deep elf zephyrmancers
  23 ugly things
  A shining eye (Depths:4)
  8 orc sorcerers
  9 wolf spiders
  Maurice (D:7)
  3 will-o-the-wisps
  A spectral boulder beetle (D:12)
  8 manticores
  9 moths of wrath
  A worldbinder (Zig:5)
  2 fauns (shapeshifter)
  4 kobold blastminers
  A rust devil (Gauntlet)
  A moth of wrath (shapeshifter) (Vaults:5)
  19 elephants
  4 guardian serpents (Desolation)
  2 naga magi (Vaults:3)
  4 centaur skeletons (D:12)
  5 black mambas
  3 torpor snails (Spider:2)
  2 smoke demons (Zig:6)
  12 cane toads
  An ice statue (Zig:9)
  2 water nymphs (Zig:8)
  16 vault sentinels
  A gargoyle (D:14)
  8 orange demons
  10 komodo dragons
  4 unseen horrors
  A rime drake (Lair:4)
  4 efreet
  3 freezing wraiths
  6 tengu conjurers
  33 yaktaurs
  20 trolls
  6 meliai
  3 merfolk (Zig:8)
  2 polar bears (Lair:4)
  A meliai (shapeshifter) (D:13)
  A polar bear (shapeshifter) (D:11)
  A queen bee (D:10)
  27 tarantellas
  16 tyrant leeches
  3 bloated husks
  3 raiju
  63 saltlings (Desolation)
  Prince Ribbit (D:5)
  11 hornets
  A raiju (shapeshifter) (D:13)
  4 glass eyes
  A snapping turtle (Zig:8)
  6 dream sheep (Lair:5)
  2 fire giant simulacra (Depths:2)
  19 jumping spiders
  3 spectral black mambas (D:12)
  2 centaur simulacra
  15 slime creatures
  11 flying skulls (D:12)
  2 frost giant simulacra (Depths:2)
  17 culicivoras
  5 shadows
  A slime creature (shapeshifter) (Vaults:5)
  53 yaks
  6 wyverns
  10 wraiths
  3 ynoxinuls
  12 spriggans
  Sigmund (D:5)
  A dire elephant simulacrum (Lair:5)
  12 water elementals
  4 fire bats (Gauntlet)
  4 vampires
  A hog (D:12)
  13 basilisks
  A fire elemental (Elf:3)
  29 redbacks
  2 steam dragons
  Grum (D:8)
  5 neqoxecs
  27 vampire mosquitoes
  5 chaos spawn
  11 wargs
  A death yak simulacrum (Lair:5)
  18 swamp worms
  A spectral cane toad (Lair:5)
  A swamp worm (shapeshifter) (Depths:3)
  2 acid dragons (D:11)
  Edmund (D:6)
  5 glowing shapeshifter zombies (Depths:4)
  15 water moccasins
  A hell hound (D:12)
  49 orc warriors
  2 ice beasts (D:6)
  3 black bears
  A sky beast (D:8)
  26 ogres
  2 wolves (D:7)
  An elephant zombie (Lair:5)
  A black mamba simulacrum (D:12)
  4 small abominations
  An elephant skeleton (Lair:5)
  15 centaurs
  2 kobold brigands
  11 bullfrogs
  An elf zombie (Ossuary)
  3 earth elementals
  4 cane toad simulacra (Lair:5)
  8 wights (D:6)
  39 killer bees
  4 elephant simulacra (Lair:5)
  9 howler monkeys
  3 electric eels (Lair:2)
  5 centaur zombies
  2 hounds (D:5)
  3 human zombies (Ossuary)
  3 jellies
  A spectral boggart (D:12)
  16 orc priests
  A gnoll bouda (D:8)
  4 iron imps (Gauntlet)
  3 sleepcaps
  An iguana (D:4)
  32 orc wizards
  5 hell rats (D:12)
  A crocodile zombie (Ossuary)
  A bullfrog simulacrum (Ossuary)
  4 hound zombies (Ossuary)
  3 mummies (Ossuary)
  4 adders
  5 gnolls
  5 adder zombies (Ossuary)
  5 worms
  4 dart slugs
  83 orcs
  6 endoplasms
  6 giant cockroaches (D:2)
  4 gnoll zombies (Ossuary)
  8 goblins
  10 hobgoblins
  6 jackals
  2 quokkas (D:4)
  3 training dummies (Elf:1)
  9 ball pythons
  2 ball python zombies (Ossuary)
  4 bats (D:2)
  A frilled lizard (D:2)
  5 hobgoblin zombies (Ossuary)
  3 jackal zombies (Ossuary)
  9 kobolds
  6 kobold zombies (Ossuary)
  2 quokka zombies
  2 rats
  A rat zombie (D:4)
  2 spectral weapons (Swamp:4)
  3 starspawn tentacles (Zig:6)
2128 creatures vanquished.

Vanquished Creatures (collateral kills)
  A dread lich (Zot:5)
  A Killer Klown (Zot:5)
  An electric golem (Zot:5)
  2 Orb Guardians (Zot:5)
  A storm dragon (Zot:5)
  A shadow dragon (Zot:5)
  2 draconian monks (Zot:5)
  An imperial myrmidon (Desolation)
  A cacodemon (Zot:5)
  A green draconian (Zot:5)
  A yellow draconian (Zot:5)
  A peacekeeper (Desolation)
  An orb spider (Spider:4)
  An orc sorcerer (Orc:2)
  A moth of wrath (Zot:5)
  An ugly thing (D:14)
  A guardian serpent (Desolation)
  A kobold blastminer (Orc:2)
  2 orange demons (Zot:5)
  7 saltlings (Desolation)
  A slime creature (D:14)
  A redback (Spider:4)
  An orc warrior (Orc:2)
  3 orc wizards
  4 orcs
39 creatures vanquished.

Vanquished Creatures (others)
  A dread lich (Zot:5)
  6 Orb Guardians (Zot:5)
  A red draconian (Zot:5)
  2 deep elf knights (Elf:2)
  A sixfirhy (Zot:5)
  A spriggan druid (Zig:9)
  2 bloated husks
  A tyrant leech (Zig:9)
  2 saltlings (Desolation)
  3 humans (D:12)
  2 chaos spawn (Swamp:4)
  4 orcs
  6 foxfires
  2 starspawn tentacles (Zig:6)
34 creatures vanquished.

Grand Total: 2201 creatures vanquished

Notes
Turn   | Place    | Note
-------+----------+-------------------------------------------
     0 | D:1      | Kearsarge the Merfolk Fighter began the quest for the Orb.
     0 | D:1      | Reached XP level 1. HP: 18/18 MP: 1/1
   106 | D:1      | Found Ifoxidgh's Antique Weapon Shoppe.
   493 | D:1      | You fall into a shaft and drop 1 floor!
   596 | D:2      | Reached XP level 2. HP: 24/24 MP: 2/2
   706 | D:2      | Reached XP level 3. HP: 20/30 MP: 3/3
  1203 | D:3      | Found a runed translucent door.
  1204 | D:3      | Noticed Crazy Yiuf
  1278 | D:3      | Reached XP level 4. HP: 37/37 MP: 4/4
  1345 | D:3      | Identified the +10 short sword "Kyxanum" {heavy, Str+5}
  1530 | D:3      | Reached skill level 5 in Polearms
  1816 | D:3      | Reached XP level 5. HP: 43/43 MP: 5/5
  1976 | D:4      | Found Numiab's Antique Armour Emporium.
  2055 | D:4      | Noticed a black bear
  2065 | D:4      | Killed a black bear
  2066 | D:4      | Reached XP level 6. HP: 39/50 MP: 6/6
  2147 | D:4      | Found a glowing golden altar of the Shining One.
  2147 | D:4      | Found a glowing silver altar of Zin.
  2147 | D:4      | Found a white marble altar of Elyvilon.
  2188 | D:4      | Reached skill level 5 in Fighting
  2196 | D:4      | Found a sand-covered staircase.
  2204 | Ossuary  | Entered an ossuary
  2514 | Ossuary  | Reached XP level 7. HP: 39/56 MP: 7/7
  3037 | D:5      | Entered Level 5 of the Dungeon
  3287 | D:5      | Identified a scroll of acquirement
  3288 | D:5      | Acquired 871 gold pieces
  3360 | D:5      | Found Anaw's Lightly-Used Armoury.
  3389 | D:5      | Found Rocaim's Antique Weapon Shop.
  3392 | D:5      | Noticed Sigmund
  3393 | D:5      | Noticed Prince Ribbit
  3397 | D:5      | Killed Sigmund
  3398 | D:5      | Reached XP level 8. HP: 61/65 MP: 8/8
  3400 | D:5      | Killed Prince Ribbit
  3401 | D:5      | Reached skill level 10 in Polearms
  3780 | D:5      | Found a broken altar of Ashenzari.
  4434 | D:6      | Found Lisirrim's Magic Scroll Boutique.
  4443 | D:6      | Bought a scroll of summoning for 95 gold pieces
  4443 | D:6      | Bought a scroll of poison for 40 gold pieces
  4443 | D:6      | Bought a scroll of immolation for 40 gold pieces
  4443 | D:6      | Bought a scroll of teleportation for 30 gold pieces
  4447 | D:6      | Found Mugaj's Weapon Emporium.
  4453 | D:6      | Reached skill level 1 in Shapeshifting
  4475 | D:6      | Reached XP level 9. HP: 60/72 MP: 9/9
  4567 | D:6      | Found Heufy's Assorted Antiques.
  4570 | D:6      | Bought a forked gold wand for 84 gold pieces
  4591 | D:6      | Found a transporter.
  4596 | D:6      | Noticed squeakweiz's ghost (novice TrFi)
  4597 | D:6      | Found a one-way gate to the infinite horrors of the Abyss.
  4659 | D:6      | Found a transporter.
  4663 | D:6      | Noticed Edmund
  4673 | D:6      | Killed Edmund
  4679 | D:6      | Reached skill level 5 in Shapeshifting
  4681 | D:6      | Noticed an ancient zyme
  4728 | D:6      | Found a large runed translucent door.
  4732 | D:6      | Found a large runed translucent door.
  4743 | D:6      | Found a sacrificial altar of Ru.
  4746 | D:6      | Found a blossoming altar of Fedhas.
  4850 | D:6      | Found Awaciz's Weapon Boutique.
  5194 | D:7      | Found a staircase to the Ecumenical Temple.
  5201 | Temple   | Entered the Ecumenical Temple
  5214 | Temple   | Became a worshipper of Gozag Ym Sagoz the Greedy
  5257 | D:7      | Found a shimmering blue altar of Sif Muna.
  5266 | D:7      | Found an ancient bone altar of Kikubaaqudgha.
  5290 | D:7      | Found a radiant altar of Vehumet.
  5440 | D:7      | Noticed Maurice
  5447 | D:7      | Maurice stole a dragon-blood talisman
  5452 | D:7      | Killed Maurice
  5699 | D:7      | Found a sparkling altar of Nemelex Xobeh.
  6051 | D:8      | Reached skill level 10 in Shapeshifting
  6069 | D:8      | Noticed Grum
  6091 | D:7      | Reached XP level 10. HP: 51/79 MP: 10/10
  6183 | D:8      | Killed Grum
  6266 | D:8      | Found an ornate altar of the Wu Jian Council.
  6672 | D:8      | Found a basalt altar of Yredelemnul.
  7366 | D:9      | Found a flagged portal.
  7431 | Bailey   | Entered a bailey
  7530 | Bailey   | Noticed an orc knight
  7755 | Bailey   | Killed an orc knight
  7903 | Bailey   | Found a large runed translucent door.
  7903 | Bailey   | Found a large runed translucent door.
  7904 | Bailey   | Noticed a deep elf pyromancer
  8049 | Bailey   | Killed a deep elf pyromancer
  8050 | Bailey   | Reached XP level 11. HP: 61/84 MP: 11/11
  8125 | Bailey   | Identified the +0 robe "Fixzig" {rElec Will+ Dex+6}
  8251 | D:9      | Reached skill level 1 in Unarmed Combat
  8647 | D:9      | Noticed a two-headed ogre
  8650 | D:9      | Killed a two-headed ogre
  8667 | D:9      | Reached skill level 15 in Shapeshifting
  8934 | D:9      | Found a snail-covered altar of Cheibriados.
  9278 | D:10     | Entered Level 10 of the Dungeon
  9344 | D:10     | Noticed a death yak
  9350 | D:10     | Killed a death yak
  9351 | D:10     | Reached skill level 5 in Unarmed Combat
  9352 | D:10     | Noticed a death yak
  9354 | D:10     | Noticed a death yak
  9358 | D:10     | Killed a death yak
  9365 | D:10     | Killed a death yak
  9710 | D:10     | Bought the amulet of Xagaejuu {Spirit rC+ Int+4} for 838
                  | gold pieces
 10084 | D:10     | Found a staircase to the Lair.
 10087 | D:10     | Found a burning altar of Makhleb.
 10115 | D:10     | Found Acofem's Antique Weapon Shoppe.
 10132 | D:10     | Found Feonyda's Mail-Order Catalogue.
 10389 | D:10     | Noticed Gastronok
 10397 | D:10     | Killed Gastronok
 10398 | D:10     | Reached XP level 12. HP: 91/91 MP: 9/12
 10830 | D:11     | Found a runed translucent door.
 10831 | D:11     | Found a runed translucent door.
 10831 | D:11     | Noticed a boulder beetle
 10832 | D:11     | Noticed a centaur warrior
 10832 | D:11     | Noticed a rakshasa
 10835 | D:11     | Noticed a two-headed ogre
 10845 | D:11     | Found a runed translucent door.
 10849 | D:11     | Killed a boulder beetle
 10861 | D:11     | Noticed a two-headed ogre
 10864 | D:11     | Reached skill level 10 in Unarmed Combat
 10889 | D:11     | Killed a two-headed ogre
 11166 | D:11     | Noticed a catoblepas
 11170 | D:11     | Found a runed translucent door.
 11174 | D:11     | Found a runed translucent door.
 11175 | D:11     | Killed a catoblepas
 11195 | D:11     | Noticed an ogre mage
 11203 | D:11     | Killed an ogre mage
 11204 | D:11     | Noticed a boulder beetle
 11245 | D:11     | Noticed a boulder beetle
 11246 | D:11     | Found a runed translucent door.
 11252 | D:11     | Killed a boulder beetle
 11306 | D:11     | Noticed an ogre mage
 11314 | D:11     | Killed an ogre mage
 11392 | D:11     | Noticed a tengu warrior
 11400 | D:11     | Killed a tengu warrior
 11401 | D:11     | Reached XP level 13. HP: 92/103 MP: 8/13
 11553 | D:11     | Identified the +3 chain mail "Iruetouc" {rPois rC- rCorr
                  | Str+3}
 11641 | D:11     | Reached skill level 10 in Fighting
 11793 | D:11     | Killed a rakshasa
 12562 | D:11     | Found a blossoming altar of Fedhas.
 13255 | D:12     | Acquired 998 gold pieces
 13264 | D:12     | Bought 2 scrolls of summoning for 342 gold pieces
 13264 | D:12     | Bought a scroll of blinking for 135 gold pieces
 13264 | D:12     | Bought 2 scrolls of teleportation for 108 gold pieces
 13457 | D:12     | Found a staircase to the Orcish Mines.
 13476 | Orc:1    | Entered Level 1 of the Orcish Mines
 13743 | Orc:2    | Entered Level 2 of the Orcish Mines
 13743 | Orc:2    | Noticed an ettin
 13747 | Orc:2    | Killed an ettin
 13770 | Orc:2    | Noticed an orc warlord
 13794 | Orc:2    | Killed an orc warlord
 13795 | Orc:2    | Reached skill level 5 in Dodging
 14296 | Orc:2    | Found a staircase to the Elven Halls.
 14328 | Orc:2    | Reached XP level 14. HP: 113/113 MP: 12/14
 14591 | Orc:2    | Reached skill level 10 in Dodging
 14621 | Orc:2    | Reached skill level 15 in Unarmed Combat
 14903 | Orc:2    | Found Xaypt's Weapon Emporium.
 14905 | Orc:2    | Found Wastaduch's Jewellery Emporium.
 14918 | Orc:2    | Found Iciang's Distillery.
 14929 | Orc:2    | Found Mounymapt's Jewellery Shoppe.
 14932 | Orc:2    | Bought a potion of curing for 36 gold pieces
 14932 | Orc:2    | Bought a potion of heal wounds for 60 gold pieces
 14932 | Orc:2    | Bought a potion of might for 48 gold pieces
 14932 | Orc:2    | Bought a potion of cancellation for 96 gold pieces
 14932 | Orc:2    | Bought a potion of curing for 36 gold pieces
 15090 | Orc:2    | Bought the amulet "Osoimurgh" {Spirit rElec rCorr Dex-5
                  | Slay+5} for 601 gold pieces
 15470 | Lair:1   | Entered Level 1 of the Lair of Beasts
 15745 | Lair:1   | Found a transporter.
 15877 | Lair:1   | Found a transporter.
 16251 | Lair:1   | Identified the ring "Qikkelan" {rElec Will- MP+9 SInv
                  | Stlth+}
 16256 | Lair:1   | Identified the +0 pair of boots of Naliabo {rF- rC+ Regen+}
 17409 | Lair:2   | Found a staircase to the Swamp.
 17671 | Lair:3   | Reached XP level 15. HP: 122/122 MP: 13/15
 17900 | Lair:3   | Found a hole to the Spider Nest.
 18562 | Lair:4   | Identified the +8 quarterstaff of a wizard's laboratory
                  | {flame, Str+3}
 18663 | Lair:4   | Found a viscous altar of Jiyva.
 18663 | Lair:4   | Found a staircase to the Slime Pits.
 19317 | Lair:5   | Entered Level 5 of the Lair of Beasts
 19698 | Lair:5   | Found a runed translucent door.
 19698 | Lair:5   | Found a shimmering altar of Xom.
 19698 | Lair:5   | Noticed Gymolay's ghost (journeyman TrFi)
 21340 | Lair:5   | Reached XP level 16. HP: 134/134 MP: 16/16
 21739 | Lair:5   | Killed Gymolay's ghost
 22233 | Swamp:1  | Entered Level 1 of the Swamp
 22685 | Lair:5   | Bought a scroll of acquirement for 988 gold pieces
 22686 | Lair:5   | Acquired 859 gold pieces
 23072 | D:12     | Noticed Kirke
 23078 | D:12     | Killed Kirke
 23189 | D:12     | Reached skill level 15 in Fighting
 23502 | D:12     | Found an ancient bone altar of Kikubaaqudgha.
 24012 | D:13     | Noticed Lodul
 24028 | D:13     | Killed Lodul
 24258 | D:13     | Found a runed translucent gate.
 24260 | D:13     | Found a runed translucent gate.
 24262 | D:13     | Found a runed translucent gate.
 24263 | D:13     | Noticed BeoghMyLove's ghost (journeyman GrEE)
 24297 | D:13     | Killed BeoghMyLove's ghost
 24326 | D:13     | Identified the +0 helmet of the Distant Future {Str+2
                  | Dex+2}
 24935 | D:14     | Found a gate to the Vaults.
 25791 | D:14     | Noticed Nessos
 26484 | D:14     | Identified the granite talisman of Watchfulness {Str+2
                  | Dex+4}
 26735 | D:15     | Entered Level 15 of the Dungeon
 26763 | D:15     | Killed Nessos
 26764 | D:15     | Reached XP level 17. HP: 144/144 MP: 15/17
 26792 | D:15     | Found a gate leading to a gauntlet.
 26803 | Gauntlet | Entered a Gauntlet
 26803 | Gauntlet | Found a transporter.
 26883 | Gauntlet | Found a transporter.
 26885 | Gauntlet | Found a transporter.
 26896 | Gauntlet | Found a transporter.
 26899 | Gauntlet | Found a transporter.
 26906 | Gauntlet | Found a runed translucent door.
 26909 | Gauntlet | Found a transporter.
 26929 | Gauntlet | Found a transporter.
 26940 | Gauntlet | Found a transporter.
 26951 | Gauntlet | Found a transporter.
 26966 | Gauntlet | Found a runed translucent door.
 26966 | Gauntlet | Found a runed translucent door.
 26970 | Gauntlet | Found a transporter.
 26984 | Gauntlet | Found a transporter.
 26984 | Gauntlet | Found a transporter.
 27033 | Gauntlet | Found a transporter.
 27047 | Gauntlet | Found a transporter.
 27258 | Gauntlet | Gained mutation: Your system is resistant to poisons.
                  | (rPois) [a neqoxec]
 27272 | Gauntlet | Identified the ring "Bulul" {rElec Int+6}
 27329 | Gauntlet | Identified the staff of Araanuypp {rPois rF+ SInv Fire}
 27329 | Gauntlet | Identified the +5 chain mail of Batuch {rPois rF++ rCorr}
 27732 | D:15     | Found a staircase to the Depths.
 27894 | D:15     | Found a hide-covered altar of Uskayaw.
 28277 | Lair:5   | Bought a +1 helmet of see invisible for 280 gold pieces
 28569 | Elf:1    | Entered Level 1 of the Elven Halls
 28599 | Orc:2    | Bought a ring of protection from fire for 250 gold pieces
 29062 | Elf:1    | Got the Compendium of Rallying
 29132 | Elf:1    | Found Ethruudo's Armour Shop.
 29134 | Elf:1    | Found Ukhlyirphe's Antique Armour Boutique.
 29144 | Elf:1    | Found Ryifer's Magic Scroll Shop.
 29162 | Elf:1    | Bought a scroll of poison for 60 gold pieces
 29165 | Elf:1    | Identified the serpent talisman "Sogg" {*Slow Int+6}
 29264 | Elf:1    | Found Jykaopt's Firing Range.
 29815 | Elf:2    | Found a runed translucent gate.
 29841 | Elf:2    | Found Ecayg's Antique Armour Boutique.
 29908 | Elf:2    | Found Migoptam's Weapon Shoppe.
 29909 | Elf:2    | Found Notoas's General Store.
 29919 | Elf:2    | Bought a potion of might for 76 gold pieces
 29922 | Elf:2    | Found Plog's Antique Armour Shop.
 30027 | Elf:2    | Found a runed translucent gate.
 30241 | Elf:3    | Entered Level 3 of the Elven Halls
 30273 | Elf:3    | Reached XP level 18. HP: 147/147 MP: 14/18
 30490 | Elf:3    | Noticed a deep elf blademaster
 30492 | Elf:3    | Noticed a deep elf blademaster
 30494 | Elf:3    | Noticed an Ice Fiend
 30496 | Elf:3    | Noticed an Ice Fiend
 30496 | Elf:3    | Killed a deep elf blademaster
 30692 | Elf:3    | Identified the amulet "Fimorheq" {RegenMP Regen+ Int+3}
 30693 | Elf:3    | Identified the amulet of Wuclee {RegenMP rElec Regen+}
 30697 | Elf:3    | Noticed a deep elf master archer
 30701 | Elf:3    | Noticed a deep elf master archer
 30707 | Elf:3    | Killed a deep elf master archer
 30710 | Elf:3    | Killed a deep elf master archer
 30938 | Elf:3    | Got Nolalywe's Reference Book on Fascination
 30956 | Elf:3    | Killed a deep elf blademaster
 30988 | Elf:3    | Got the Octavo of the Catacomb and Transition
 31001 | Elf:3    | Identified the staff of the Hills {rElec rPois rC+ Dex-2
                  | SInv Air}
 31012 | Elf:3    | Identified the staff "Gazopepo" {rElec rF+ Fire Ice}
 31141 | Elf:3    | Found Owkee's Book Boutique.
 31141 | Elf:3    | Found a runed translucent gate.
 31141 | Elf:3    | Found a runed translucent gate.
 31141 | Elf:3    | Found a runed translucent gate.
 32037 | Swamp:1  | Noticed Louise
 32052 | Swamp:1  | Killed Louise
 33114 | Swamp:3  | Found a runed translucent door.
 33116 | Swamp:3  | Noticed Azessum's ghost (journeyman GrEE)
 33444 | Swamp:4  | Entered Level 4 of the Swamp
 33475 | Swamp:4  | Reached XP level 19. HP: 157/157 MP: 17/19
 33597 | Swamp:4  | Gained mutation: You are clumsy. (Dex -2) [a neqoxec]
 34174 | Swamp:4  | Got a decaying rune of Zot
 34449 | Spider:1 | Entered Level 1 of the Spider Nest
 34502 | Spider:1 | Bought a scroll of blinking for 142 gold pieces
 34502 | Spider:1 | Bought a scroll of blinking for 142 gold pieces
 34502 | Spider:1 | Bought a scroll of fog for 76 gold pieces
 36250 | Spider:4 | Entered Level 4 of the Spider Nest
 36350 | Spider:4 | Reached skill level 15 in Dodging
 36358 | Spider:4 | Reached XP level 20. HP: 155/168 MP: 18/20
 36680 | Spider:4 | Noticed Arachne
 36714 | Spider:4 | Killed Arachne
 37090 | Spider:4 | Got a gossamer rune of Zot
 37728 | Vaults:1 | Entered Level 1 of the Vaults
 37838 | Vaults:1 | Found a crumbling gateway.
 37852 | Desolati | Entered the Desolation of Salt
 37914 | Desolati | Identified the ring of Uroedd {rF+ rN+ rCorr Str+3 Dex-5}
 38271 | Desolati | Identified the ring "Keusch" {rF+ MP+9 Int+3 Stlth+}
 38638 | Desolati | Identified the +8 chain mail of Gaxuo {rC+ rCorr Dex-5
                  | SInv}
 38639 | Desolati | Identified the ring of Doepposch {Fly rElec rC+ Str+6}
 39027 | Desolati | Identified the ring "Qawkits" {*Slow rF+ Will+ Str+4}
 39034 | Desolati | Identified the amulet of Bodily Harmony {Spirit Regen+
                  | Str+4 Int+3 Dex-3}
 39149 | Desolati | Identified the +4 arbalest of Accidental Termination
                  | {penet, Dex+4}
 39154 | Desolati | Identified the +2 pair of boots of Impressiveness {^Drain
                  | rElec rC+ Will+}
 39244 | Vaults:1 | Reached XP level 21. HP: 180/180 MP: 19/21
 39563 | Vaults:1 | Noticed Zenata
 39573 | Vaults:1 | Killed Zenata
 39815 | Vaults:1 | Noticed Saint Roka
 39836 | Vaults:1 | Killed Saint Roka
 40223 | Vaults:1 | Found Lisoese's Antique Weapon Shoppe.
 40352 | Vaults:2 | Found a staircase to the Crypt.
 40770 | Vaults:2 | Paralysed by a sphinx for 4 turns
 40785 | Vaults:2 | Identified the +1 whip "Aheid" {freeze, *Corrode Will-
                  | Int+5}
 41165 | Vaults:2 | Found Winan's Weapon Emporium.
 41334 | Vaults:2 | Identified the +5 leather armour of the Serpent {rPois rF+
                  | Int+2}
 41503 | Vaults:2 | Found Iwuo's Antique Armour Shop.
 41742 | Vaults:3 | Noticed Sojobo
 41751 | Vaults:3 | Reached XP level 22. HP: 194/194 MP: 20/22
 41753 | Vaults:3 | Killed Sojobo
 41872 | Vaults:3 | Identified the serpent talisman of Supple Strength {Dex+3}
 41872 | Vaults:3 | Noticed Aizul
 41876 | Vaults:3 | Killed Aizul
 42020 | Vaults:3 | Found Macs's Assorted Antiques.
 42061 | Vaults:3 | Identified the +1 robe of Ridduk {rF+ Will+ Dex+3 Archmagi}
 42063 | Vaults:3 | Identified the +0 robe of Tortelloni {-Tele Harm Str-2
                  | Dex+5}
 42071 | Vaults:3 | Found a radiant altar of Vehumet.
 42071 | Vaults:3 | Found the +3 hat of Pondering {ponderous, Will+ MP+10
                  | Int+5}
 42082 | Vaults:3 | Identified the +2 hat of Instinct {Dex+3}
 42157 | Vaults:3 | Identified the +1 hat of a bailey {+Inv rPois rC- Str+2}
 42427 | Vaults:3 | Found a runed translucent door.
 42428 | Vaults:3 | Noticed Xihuodghy's ghost (adept MiBe)
 42563 | Vaults:4 | Noticed Norris
 42582 | Vaults:4 | Killed Norris
 43767 | Vaults:5 | Entered Level 5 of the Vaults
 44241 | Vaults:5 | Noticed a golden dragon
 44244 | Vaults:5 | Killed a golden dragon
 44251 | Vaults:5 | Reached XP level 23. HP: 213/213 MP: 19/23
 44364 | Vaults:5 | Noticed a golden dragon
 44377 | Vaults:5 | Killed a golden dragon
 44508 | Vaults:5 | Identified the +9 dagger of the Distant Future {flame,
                  | rPois rN+++ Will- Dex+4}
 44587 | Vaults:5 | Identified the +2 arbalest of Ono Pupn {freeze, *Slow Fly
                  | rF+ SInv}
 44633 | Vaults:5 | Identified the ring "Ipheabb" {rC+ Int+2}
 44671 | Vaults:5 | Identified the +8 orcbow of the Burnt God {flame, rPois rF-
                  | rN+ Dex+4}
 44755 | Vaults:5 | Identified the +9 quarterstaff of Xefaaceb {antimagic,
                  | rElec}
 44758 | Vaults:5 | Got a silver rune of Zot
 44937 | Vaults:5 | Identified the ring "Haklouwn" {rPois Int+2}
 45069 | Vaults:5 | Found Yluegh's Magic Scroll Shoppe.
 45114 | Vaults:5 | Bought a scroll of summoning for 209 gold pieces
 45591 | Depths:1 | Entered Level 1 of the Depths
 45619 | Depths:1 | Found Taovi's Demolitions Depot.
 46114 | Depths:1 | Found a gateway to Hell.
 46485 | Depths:2 | Identified the ring "Kirphiun" {Ice Int+2}
 46485 | Depths:2 | Noticed Josephina
 46492 | Depths:2 | Killed Josephina
 46672 | Depths:2 | Found a one-way gate leading to the halls of Pandemonium.
 46978 | Depths:3 | Noticed a golden dragon
 46984 | Depths:3 | Killed a golden dragon
 47022 | Depths:3 | Reached XP level 24. HP: 205/216 MP: 22/23
 47110 | Depths:3 | Noticed a juggernaut
 47116 | Depths:3 | Killed a juggernaut
 47313 | Depths:3 | Found Osahau's General Store.
 47318 | Depths:3 | Found Nuq Afen's Assorted Antiques.
 47331 | Depths:3 | Bought a scroll of summoning for 161 gold pieces
 47345 | Depths:3 | Bought a scroll of blinking for 247 gold pieces
 47345 | Depths:3 | Bought a potion of heal wounds for 165 gold pieces
 47578 | Depths:3 | Noticed Xtahua
 47582 | Depths:3 | Killed Xtahua
 47914 | Depths:3 | You are sucked into a shaft and drop 1 floor!
 47914 | Depths:4 | Entered Level 4 of the Depths
 47935 | Depths:4 | Found a one-way gateway to a ziggurat.
 47942 | Depths:4 | Gained mutation: You are weak. (Str -2) [a shining eye]
 47985 | Zig:1    | Entered Level 1 of a ziggurat
 47999 | Zig:2    | Entered Level 2 of a ziggurat
 48023 | Zig:3    | Entered Level 3 of a ziggurat
 48044 | Zig:3    | Identified the +11 orcbow of the Enchanting Gods {freeze,
                  | rF+ rN+}
 48053 | Zig:4    | Entered Level 4 of a ziggurat
 48148 | Zig:4    | Identified the staff of the Tomato {rPois rF+ rN+ Str+3
                  | Tloc Poison}
 48155 | Zig:5    | Entered Level 5 of a ziggurat
 48166 | Zig:5    | Gained mutation: Armour fits poorly on your strangely
                  | shaped body. [a neqoxec]
 48187 | Zig:5    | Identified the +1 rapier "Guagg" {drain, +Blink rPois Str-4
                  | SInv}
 48216 | Zig:6    | Entered Level 6 of a ziggurat
 48276 | Zig:7    | Entered Level 7 of a ziggurat
 48287 | Zig:7    | Reached skill level 27 in Dodging
 48313 | Zig:7    | Identified the +0 cloak of Duck's Teeth {rF+}
 48315 | Zig:7    | Identified the +8 bardiche of Wuanwyi {venom, *Slow rPois
                  | rN+ Dex+2}
 48339 | Zig:8    | Entered Level 8 of a ziggurat
 48454 | Zig:9    | Entered Level 9 of a ziggurat
 48587 | Zig:9    | Identified the amulet "Ymes" {Faith -Cast rN+ Will+++
                  | Str+2}
 48638 | Depths:4 | Found a basalt altar of Yredelemnul.
 48837 | Depths:4 | Found Eluuwnid's Tiny Tomes.
 48886 | Depths:4 | Noticed Vv
 48902 | Depths:4 | Killed Vv
 49195 | Depths:4 | Found a portal to a secret trove of treasure.
 49223 | Depths:4 | Reached XP level 25. HP: 228/228 MP: 23/23
 49457 | Depths:4 | Noticed a juggernaut
 49461 | Depths:4 | Killed a juggernaut
 49578 | Depths:4 | Reached skill level 27 in Shapeshifting
 49578 | Depths:4 | Found a gate to the Realm of Zot.
 49789 | Zot:1    | Entered Level 1 of the Realm of Zot
 49834 | Zot:1    | Noticed an orb of fire
 49843 | Zot:1    | Killed an orb of fire
 50529 | Zot:2    | Noticed a Killer Klown
 50537 | Zot:2    | Killed a Killer Klown
 50709 | Zot:3    | Noticed a Killer Klown
 50710 | Zot:3    | Noticed a Killer Klown
 50728 | Zot:3    | Killed a Killer Klown
 50761 | Zot:3    | Killed a Killer Klown
 50992 | Zot:5    | Entered Level 5 of the Realm of Zot
 50992 | Zot:5    | Noticed a Killer Klown
 50996 | Zot:5    | Killed a Killer Klown
 51248 | Zot:5    | Noticed a dread lich
 51261 | Zot:5    | Noticed an orb of fire
 51269 | Zot:5    | Killed a Killer Klown
 51271 | Zot:5    | Killed a dread lich
 51272 | Zot:5    | Reached XP level 26. HP: 211/238 MP: 1/23
 51292 | Zot:5    | Noticed an orb of fire
 51310 | Zot:5    | Noticed an orb of fire
 51393 | Zot:5    | Noticed an orb of fire
 51394 | Zot:5    | Noticed an orb of fire
 51394 | Zot:5    | Noticed an orb of fire
 51818 | Zot:5    | Got the Orb of Zot
 51894 | Zot:5    | Noticed an orb of fire
 51894 | Zot:5    | Noticed a Killer Klown
 51895 | Zot:5    | Noticed an orb of fire
 51895 | Zot:5    | Noticed an ancient lich
 51895 | Zot:5    | Noticed an ancient lich
 52140 | Depths:4 | Noticed Gijomast the pandemonium lord
 52161 | Depths:4 | Killed Gijomast the pandemonium lord
 52394 | D:8      | Noticed Munuot the pandemonium lord
 52558 | D:$      | Escaped with the Orb!

Illustrated notes

Levels and vault maps discovered:
D:1:      dpeg_arrival_long_road, layout_basic, serial_shops, shop_statue
D:2:      layout_basic, kennysheep_generic_room_16
D:3:      layout_basic, minmay_mini_jars, uniq_crazy_yiuf_cottage
D:4:      layout_rooms, good_gods_mini_temple, serial_shops, shop,
          enter_ossuary_4
D:5:      layout_loops_corners, nicolae_ashenzari_panopticon, serial_shops,
          nicolae_shop_trees, minmay_shop_damaged, uniq_prince_ribbit1,
          uniq_sigmund
D:6:      layout_cave_pools, jmf_multi_god_temple2,
          gammafunk_ghost_abyssal_escape, serial_shops, shop,
          nicolae_shop_real_fake_doors, nicolae_diamond_shop,
          nicolae_shop_tiny_glass, uniq_edmund
D:7:      layout_basic, palyth_temple_overflow_mages, mainiacjoe_overflow_paths,
          minmay_temple_entry_tees, lightli_orcish_oven, uniq_maurice
D:8:      layout_basic, mainiacjoe_overflow_concentric_impassable,
          overflow_temple_1_default, uniq_grum
D:9:      layout_layer_cave, cheibrodos_worm_habitat, enter_bailey_5
D:10:     layout_roguey [special_room_bee], bloody_makhleb, dpeg_lair_monsters,
          nicolae_stop_n_shop_1, serial_bayou_pond_e, monkooky_shop_mail_order,
          uniq_gastronok
D:11:     minmay_the_grid_triangle_9x9_recursive_3_mashed
          [minmay_the_grid_triangle_9x9_tough_junction,
          minmay_the_grid_triangle_9x9_fully_insulated_deathbox,
          minmay_the_grid_triangle_9x9_intruding_spiral,
          minmay_the_grid_triangle_9x9_prize_insulated,
          minmay_the_grid_triangle_9x9_wacky_v,
          minmay_the_grid_triangle_9x9_skeleton,
          minmay_the_grid_triangle_9x9_negative_grid,
          minmay_the_grid_triangle_9x9_subtriangle,
          minmay_the_grid_triangle_9x9_cache], layout_grid_maze, fedhas_altar_1
D:12:     lemuel_vampire_tower, layout_stronghold, david_orc_4, uniq_kirke
D:13:     layout_cave_pools, biasface_ghost_orc_armoury, uniq_lodul
D:14:     minmay_s_stair_smasher, layout_loops_ring,
          lightli_vaults_fourway_checkpoint, hangedman_decor_opposing,
          uniq_nessos
D:15:     hellmonk_depths_entry_around_the_bend, layout_rooms,
          nicolae_uskayaw_murder_on_the_dancefloor, gauntlet_entry_generic
Temple:   nicolae_temple_superstar
Lair:1:   gammafunk_worm_tunnel, layout_misc_corridors
Lair:2:   layout_regular_city, nicolae_swamp_entry_splash_gauntlet,
          nicolae_quartered_pool_super
Lair:3:   layout_long_grid, dummy_spider_entry, chequers_serial_rivers_micro_b,
          eino_small_chamber_without_monster, grunt_megastairs_5
Lair:4:   layout_long_grid, dpeg_slime_entry_enclosed, serial_forest,
          infiniplex_forest_lined_3, infiniplex_forest_straight_3,
          infiniplex_forest_end_3, infiniplex_forest_corner_2,
          infiniplex_forest_join, infiniplex_forest_clump_small,
          infiniplex_forest_clump_small
Lair:5:   due_jungle_book, layout_layer_cave, ebering_ghost_xom,
          serial_bayou_shore_b, grunt_megastairs_1
Swamp:1:  layout_basic_swamp, serial_swamp_ruin, evilmike_swamp_ruin_house_1,
          evilmike_swamp_ruin_wall, uniq_louise
Swamp:2:  nicolae_swamp_ascending_descending, layout_falls_marsh,
          evilmike_swamp_ruin_rubble_1
Swamp:3:  layout_basic_swamp, gammafunk_ghost_grave,
          evilmike_swamp_ruin_house_2, cheibrodos_swamp_pet_leeches
Swamp:4:  nzn_swamp_witches_coven, layout_basic_swamp
Spider:1: layout_spider_delve
Spider:2: nicolae_spider_hilbert_zone_2 [nicolae_spider_hilbert_4_sides_1_open,
          nicolae_spider_hilbert_4_sides_1_open,
          nicolae_spider_hilbert_4_sides_1_open,
          nicolae_spider_hilbert_4_sides_1_open,
          nicolae_spider_hilbert_6_sides_1_open,
          nicolae_spider_hilbert_6_sides_1_open,
          nicolae_spider_hilbert_3_sides_1_open,
          nicolae_spider_hilbert_3_sides_1_open,
          nicolae_spider_hilbert_3_sides_1_open,
          nicolae_spider_hilbert_3_sides_1_open,
          nicolae_spider_hilbert_6_sides_1_open,
          nicolae_spider_hilbert_6_sides_1_open,
          nicolae_spider_hilbert_6_sides_1_open,
          nicolae_spider_hilbert_6_sides_1_open], nicolae_spider_cling_halls
Spider:3: layout_spider_delve, hangedman_spider_tarantella_strand, uniq_nikola,
          uniq_mlioglotl
Spider:4: johnstein_spider_rune_arachne_lair
Orc:1:    layout_caves
Orc:2:    st_orc_open, layout_caves
Elf:1:    eino_elf_arrival_customs, layout_rooms, minmay_elf_demonology,
          drop_trap, nicolae_shop_firing_range, minmay_shop_star
Elf:2:    elven_hall_of_blades_hangedman_original
          [nicolae_vaults_blade_armed_guards], layout_onion_city, serial_shops,
          nicolae_shop_just_a_little_nook, shop, nicolae_shop_gibbet_a_chance,
          nicolae_shop_tiny_statue_garden
Elf:3:    elf_hall, layout_onion_city, serial_shops, nicolae_book_shop_shelving,
          gammafunk_ghost_cemetery, nrook_uturn
Vaults:1: portal_desolation_entry_nicolae_slug,
          nicolae_vaults_closet_pinwheel_2, vaults_room_grunt_arrival_ludios,
          hangedman_vaults_stagger, hangedman_vaults_impose,
          hangedman_vaults_stream, nicolae_vaults_storage_closets_1,
          nicolae_vaults_storage_room_glass, nicolae_vaults_little_squares_6,
          nicolae_vaults_wrenched, ontoclasm_vaults_misaligned,
          nicolae_vaults_trapezoid_lopsided_3, vaults_room_semicircle,
          layout_vaults_omnicross, serial_shops, shop, uniq_zenata,
          uniq_saint_roka
Vaults:2: nicolae_vaults_offset_grid_hallway_2, blue_anna_dwarven_crypt,
          nicolae_vaults_security_offices_2, ontoclasm_vaults_hangar,
          nicolae_vaults_closet_pinwheel_6, minmay_orc_keep, v_misc_25,
          hangedman_vaults_restitches, ontoclasm_vaults_spin,
          nicolae_vaults_taking_the_gang_shopping, vaults_room_pools,
          nicolae_vaults_big_ls, nicolae_vaults_trapezoid_2, layout_vaults_ring,
          serial_shops, nicolae_shop_dealshenge
Vaults:3: hellmonk_ghost_big_iron, nicolae_vaults_shrinking_rooms_2,
          nicolae_vaults_tangram_1, nicolae_vaults_tangram_2,
          grunt_tower_of_power, nicolae_vaults_closet_pinwheel_5,
          nicolae_vaults_angled_halls, hangedman_vaults_stretched_pinwheel,
          nicolae_vaults_oval_intersection, nicolae_vaults_tetromino_L_2,
          nicolae_vaults_diamond_1, nicolae_vaults_hallways_thing,
          layout_vaults_maze_bifur, serial_shops, shop, uniq_aizul, uniq_sojobo
Vaults:4: nicolae_vaults_double_plus_1, v_misc_31, v_misc_27,
          grunt_vaults_focal, nicolae_vaults_sesquioval_fish,
          nicolae_vaults_little_squares_5, nicolae_vaults_diagonal_hallway_6,
          layout_vaults_quadrants, uniq_norris
Vaults:5
Depths:1: layout_cave_pools, hell_entry, minmay_door_square,
          nicolae_blasting_shop, serial_bayou_pond_b, nrook_mini_backslash,
          serial_bayou_lagoon_b
Depths:2: minmay_distorted_concentric_squares, layout_gridlike,
          grunt_pan_entry_sceptre, minmay_room_of_horrors, hell_entry,
          minmay_misc_feat_diagonals, uniq_josephina
Depths:3: minmay_nested_s, layout_honeycomb, serial_glass, glass_columns_a,
          glass_columns_a, abyss_entry, rand_demon_pan_entry_1, hell_entry,
          minmay_shoptagon, uniq_xtahua
Depths:4: grunt_zot_entry_bicorn, layout_gridville, enter_ziggurat_c,
          enter_trove_5, rand_demon_pan_entry_8, hell_entry,
          nicolae_shop_i_like_small_books_too, drop_trap,
          nicolae_yredelemnul_corpse_copse, uniq_vv
Zot:1:    regret_index_malice_mire, layout_twisted_circle
Zot:2:    dreamdust_zin_vs_xom, layout_concentric_octagons
Zot:3:    grunt_zot_stairs_faceoff, layout_gridlike
Zot:4:    layout_basic
Zot:5:    layout_twisted_circle, grunt_ministairs_9

Skill      XL: |  1  2  3  4  5  6  7  8  9 10 11 12 13 14 15 16 17 18 19 20 21 22 23 24 25 26 |
---------------+-------------------------------------------------------------------------------+-----
Polearms       | 3 4 5 6 8 9 11 | 11.5
Fighting       | 4 5 6 7 9 11 12 14 15 17 19 21 25 26 | 26.8
Shapeshifting  | 3 10 14 16 19 23 25 26 27 | 27.0
Unarmed Combat | 9 12 14 16 19 21 23 24 | 24.6
Dodging        | 8 10 11 12 15 18 20 24 27 | 27.0
Armour         | |  2.1
Shields        | |  3.0

Action                     |  1- 3 |  4- 6 |  7- 9 | 10-12 | 13-15 | 16-18 | 19-21 | 22-24 | 25-27 || total
---------------------------+-------+-------+-------+-------+-------+-------+-------+-------+-------++-------
  Melee: Trident           |   124 |     5 |   183 |   244 |       |       |       |       |       ||   556
         Short sword       |       |   150 |    98 |       |       |       |       |       |       ||   248
         Unarmed           |       |       |       |   189 |   604 |   869 |  1309 |   915 |   345 ||  4231
         Bite              |       |       |       |    20 |    69 |    26 |       |       |       ||   115
         Tailslap          |       |       |       |    24 |    86 |    38 |    10 |       |       ||   158
         Punch             |       |       |       |    10 |    48 |    30 |       |    80 |    39 ||   207
 Invoke: Call Merchant     |       |       |     1 |     1 |     3 |     2 |     3 |     1 |       ||    11
         Potion Petition   |       |       |       |       |     4 |     1 |     2 |     3 |     2 ||    12
         Bribe Branch      |       |       |       |       |       |       |       |       |     2 ||     2
Ability: Breathe Fire      |       |       |       |    21 |    55 |    32 |       |       |       ||   108
         Blinkbolt         |       |       |       |       |       |       |       |    51 |    32 ||    83
  Evoke: Wand              |       |       |     1 |     2 |     2 |     6 |     3 |     1 |     4 ||    19
         Condenser vane    |       |       |       |       |       |     2 |     2 |       |       ||     4
         Phantom mirror    |       |       |       |       |       |     1 |       |       |       ||     1
    Use: Scroll            |       |       |    21 |     6 |    14 |    15 |     8 |     1 |    10 ||    75
         Potion            |       |       |     2 |       |     7 |     3 |       |     3 |       ||    15
   Stab: Distracted        |       |       |     2 |     2 |     5 |     7 |    16 |     3 |     5 ||    40
         Sleeping          |       |       |     1 |       |       |       |       |       |       ||     1
         Paralysed         |       |       |       |     5 |       |       |       |       |       ||     5
         Invisible         |       |       |       |       |     2 |       |     1 |       |       ||     3
         Confused          |       |       |       |       |       |       |     3 |       |       ||     3
 Armour: Scale mail        |    66 |   141 |   113 |       |       |       |       |       |       ||   320
         Leather armour    |       |       |    45 |    83 |       |       |       |       |       ||   128
         Skin              |       |       |       |   190 |   522 |   780 |  1297 |   545 |   122 ||  3456
  Dodge: Dodged            |    36 |    93 |    72 |   111 |   180 |   599 |  1367 |   725 |   365 ||  3548
  Block: Buckler           |    24 |    51 |    69 |    36 |       |   204 |   580 |   127 |       ||  1091
   Form: Dragon            |       |       |       |     1 |       |       |       |       |       ||     1
         Statue            |       |       |       |       |       |     1 |       |       |       ||     1
         Storm             |       |       |       |       |       |       |       |     1 |       ||     1

Table legend: (Time is in decaauts)
 A = Elapsed time spent in this place.
 B = Non-inter-level travel time spent in this place.
 C = Inter-level travel time spent in this place.
 D = Time resting spent in this place.
 E = Time spent auto-exploring this place.
 F = Levels seen in this place.
 G = Mean time per level.
                   A        B        C        D        E       F      G
               +--------+--------+--------+--------+--------+-----+--------+
         Total |  59161 |  54163 |   4998 |   1653 |  41681 |  61 |  969.9 |
       Dungeon |  18087 |  16304 |   1783 |    799 |  13044 |  15 | 1205.8 |
        Temple |     22 |      1 |     21 |      0 |      0 |   1 |   22.0 |
          Lair |   7697 |   6355 |   1342 |    218 |   5376 |   5 | 1539.4 |
         Swamp |   3647 |   3473 |    174 |      7 |   2746 |   4 |  911.8 |
   Spider Nest |   4385 |   4211 |    174 |    151 |   3112 |   4 | 1096.2 |
  Orcish Mines |   2003 |   1767 |    236 |      0 |   1430 |   2 | 1001.5 |
   Elven Halls |   4240 |   3947 |    293 |    180 |   2820 |   3 | 1413.3 |
        Vaults |   8614 |   8194 |    420 |      0 |   6457 |   5 | 1722.8 |
        Depths |   3550 |   3239 |    311 |      0 |   2542 |   4 |  887.5 |
           Zot |   2187 |   1947 |    240 |    115 |   1348 |   5 |  437.4 |
      Ziggurat |    586 |    586 |      0 |      0 |    387 |   9 |   65.1 |
       Ossuary |    654 |    654 |      0 |    120 |    291 |   1 |  654.0 |
        Bailey |    713 |    713 |      0 |      3 |    333 |   1 |  713.0 |
    Desolation |   1882 |   1882 |      0 |     58 |   1197 |   1 | 1882.0 |
      Gauntlet |    887 |    887 |      0 |      0 |    595 |   1 |  887.0 |
               +--------+--------+--------+--------+--------+-----+--------+

Top non-repeatable levels by time:
  Lair:5: 3033 daAuts
    D:11: 2751 daAuts
    D:14: 1962 daAuts
Spider:2: 1926 daAuts
Desolation: 1882 daAuts
Vaults:4: 1864 daAuts
   Elf:3: 1811 daAuts
Vaults:2: 1809 daAuts
Vaults:1: 1785 daAuts
    D:12: 1782 daAuts
Spider:4: 1774 daAuts
Vaults:5: 1756 daAuts
    D:10: 1560 daAuts
   Elf:1: 1528 daAuts
   Orc:2: 1525 daAuts
